Map: Terraform LE (Void)

Players

BlackThunder

  • Race: Zerg Zerg
  • League: Grandmaster

wabbajack - Winner!

  • Race: Zerg Zerg
  • League: Silver

VOD

Have the link to the VOD?

Description

Time

  • Played on: July 16, 2015, 8:05 p.m.
  • Length: 5:15
Show
View Real Time Build Order
Export as new Build Order

BlackThunder Zerg 

Build Orders: Hatch First 

Get SALT Encoding   

  12  0:02  Drone  
  13  0:16  Overlord  
  13  0:17  Drone  
  14  0:35  Drone x2  
  16  0:59  Hatchery  
  15  1:09  Drone  
  15  1:10  Drone  
  17  1:14  Spawning Pool  
  17  1:16  Extractor  
  15  2:06  Queen  
  17  2:12  Zergling x2  
  17  2:13  Zergling x2  
  19  2:19  Queen  
  21  2:25  Metabolic Boost  
  21  2:30  Drone x2  
  21  2:31  Drone x2  
  25  2:39  Drone  
  26  2:47  Drone x2  
  28  2:57  Overlord  
  28  3:01  Extractor  
  28  3:05  Drone  
  26  3:23  Drone x2  
  26  3:24  Drone x2  
  30  3:27  Drone x4  
  30  3:30  Drone  
  30  3:31  Overlord  
  30  3:32  Overlord  
  35  3:46  Hatchery  
  34  3:52  Drone x2  
  34  3:55  Lair, Drone  
  37  3:56  Drone x2  
  39  4:07  Drone x3  
  39  4:08  Zergling x6  
  45  4:16  Overlord  
  45  4:17  Drone x2  
  45  4:18  Drone  
  48  4:24  Drone, Extractor  
  48  4:25  Extractor  
  48  4:27  Zergling x2  
  48  4:28  Zergling x2  
  49  4:32  Overlord  
  49  4:47  Drone x3  
  49  4:48  Evolution Chamber  
  49  4:49  Evolution Chamber  
  50  4:53  Drone x3  
  50  4:54  Drone x2  
Show
View Real Time Build Order
Export as new Build Order

wabbajack Zerg - Winner!

Build Orders: Hatch First 

Get SALT Encoding   

  12  0:00  Drone  
  13  0:15  Drone  
  14  0:24  Overlord  
  14  0:27  Extractor  
  14  0:28  Drone  
  14  0:29  Extractor  
  14  0:30  Drone  
  16  0:45  Drone  
  17  0:59  Hatchery  
  17  1:00  Extractor  
  17  1:01  Drone  
  17  1:03  Drone  
  17  1:11  Drone  
  18  1:21  Spawning Pool  
  17  1:39  Drone x2  
  19  1:56  Overlord  
  19  2:15  Queen  
  19  2:16  Metabolic Boost  
  19  2:17  Queen  
  19  2:18  Drone  
  19  2:19  Drone  
  19  2:20  Drone  
  26  2:22  Spine Crawler  
  26  2:24  Drone  
  26  2:30  Drone  
  27  2:38  Drone x2  
  27  2:42  Drone  
  30  2:50  Roach Warren  
  29  2:52  Drone  
  29  2:56  Spine Crawler  
  29  3:04  Drone  
  30  3:26  Overlord x2  
  30  3:34  Overlord  
  30  3:36  Roach x3  
  36  3:46  Roach x3  
  42  3:50  Roach x3  
  42  3:51  Roach  
  50  4:11  Roach x3  
  50  4:12  Roach  
  50  4:14  Overlord x2  
  58  4:36  Zergling x2  
  58  4:37  Zergling x22  
  70  4:41  Overlord  
  79  5:07  Spore Crawler  
Tags
 
Add a new tag
Caveats
  • Supply blocks, unpowered buildings, or Contaminate may cause inaccurate times.
  • Supply counts are checked every 10 seconds.